AoeStats
← 739697286

African Clearing

505264106Analyzed
4v4 RM · 25d ago on Sep 8, 2026· 18m 24s· 8 players
Game mode
Random Map
Map size
Large (8 player)
Population
200
Speed
Normal
Resources
Standard
Victory
Conquest
Starting age
Dark Age
Ending age
Imperial Age
RankedLock teamsTeams togetherTeam positionsShared explorationLock speedFull tech treeHidden civsTurbo modeCheats
Victory
Defeat
🇮🇹 Inca · Italy
1493
+15
🇲🇽 Berbers · Mexico
1482
+16
🇵🇰 Mongols · Pakistan
1480
+16
🇨🇳 Malay · China
1467
+16
🇯🇵 Portuguese · Japan
1523
-18
🇦🇷 Hindustanis · Argentina
1479
-16
🇨🇳 Italians · China
1450
-15
🇭🇰 Saracens · Hong Kong SAR China
1444
-14
HSL | LuxRay
4:51 Loom
13:40 Feudal Age
19:35 Castle Age
Horizon
11:49 Feudal Age
12:36 Loom
13:56 Fletching
14:13 Double-Bit Axe
18:42 Town Watch
739697286
3:46 Loom
15:56 Feudal Age
15:08 Man-at-Arms
20:31 Castle Age
kazumakine
12:38 Loom
14:53 Feudal Age
18:51 Castle Age
17:28 Forging
17:24 Scale Barding Armor
17:26 Double-Bit Axe
18:18 Bloodlines
18:36 Horse Collar
Suricata Tactica
8:50 Loom
11:34 Feudal Age
12:06 Double-Bit Axe
14:43 Horse Collar
15:36 Forging
kome
7:50 Loom
9:04 Loom
11:34 Feudal Age
12:13 Double-Bit Axe
牛比无极限
4:06 Loom
13:27 Feudal Age
13:51 Man-at-Arms
-GNG-OverHabit
13:30 Feudal Age
12:50 Loom
Connection lost

Rejoining the realm…

Still unreachable

The connection could not be restored.

Session expired

The server has moved on; the page needs a fresh start.